 Dungeon Crawl Stone Soup version 0.29.1-12-g30fa7ad0bf (webtiles) character file.

Game seed: 17952372337199891268

754 venomsnake the Trooper (level 7, -2/63 HPs)
             Began as a Minotaur Berserker on Dec 16, 2022.
             Was a Priest of Trog.
             Slain by an orc warrior
             ... wielding a +0 flail
              (8 damage)
             ... on level 5 of the Dungeon.
             The game lasted 00:08:59 (4114 turns).

venomsnake the Trooper (Minotaur Berserker)         Turns: 4114, Time: 00:08:59

Health: -2/63      AC:  9    Str: 24    XL:     7   Next: 49%
Magic:  0/6        EV:  9    Int:  4    God:    Trog [***...]
Gold:   201        SH:  0    Dex:  9    Spells: 6/6 levels left

rFire   . . .      SeeInvis .   m - +1 hand axe (vorpal)
rCold   . . .      Faith    .   (no shield)
rNeg    . . .      Spirit   +   o - +0 chain mail
rPois   +          Reflect  .   (helmet restricted)
rElec   .          Harm     .   (no cloak)
rCorr   .          Rampage  .   (no gloves)
Will    .....                   (no boots)
Stlth   ..........              n - amulet of guardian spirit
HPRegen 0.20/turn               p - ring of poison resistance
MPRegen 0.10/turn               k - ring of flight

@: flying
A: horns 2, retaliatory headbutt
a: Renounce Religion, Berserk, Trog's Hand


You were on level 5 of the Dungeon.
You worshipped Trog.
Trog was most pleased with you.
You visited 1 branch of the dungeon, and saw 5 of its levels.

You collected 201 gold pieces.

Inventory:

Hand Weapons
 m - a +1 vorpal hand axe (weapon)
Missiles
 e - 68 stones (quivered)
Armour
 o - a +0 chain mail (worn)
Jewellery
 a - a +6 ring of dexterity
 c - a ring of protection from fire
 k - a ring of flight (right hand)
 n - an amulet of guardian spirit (around neck)
 p - a ring of poison resistance (left hand)
Wands
 b - a wand of charming (12)
Scrolls
 g - 2 scrolls of teleportation {unknown}
 l - a scroll of brand weapon {unknown}
 q - 3 scrolls of poison
 r - a scroll of enchant armour {unknown}
 s - a scroll of noise {unknown}
 t - a scroll of fog {unknown}
Potions
 f - 2 potions of degeneration
 h - 5 potions of curing
 i - a potion of mutation {unknown}
 j - 4 potions of lignification


   Skills:
 + Level 6.2 Fighting
 + Level 6.1 Axes
 + Level 5.4 Armour
 + Level 5.0 Dodging


You had 6 spell levels left.
You didn't know any spells.
Your spell library was empty.

Dungeon Overview and Level Annotations

Branches:
Dungeon (5/15)
 Temple: D:4-7

Altars:
Elyvilon


Innate Abilities, Weirdness & Mutations

You have a pair of horns on your head.
You reflexively headbutt those who attack you in melee.


Message History

You hit the orc warrior but do no damage.
You headbutt the orc warrior.
The orc warrior is lightly wounded.
You closely miss the orc. x2
The orc priest miscasts a cantrip.
The orc closely misses you.
The orc warrior hits you with a +0 flail!
You are too injured to fight recklessly!
You are too injured to fight recklessly!
You are too injured to fight recklessly!
You are too injured to fight recklessly!
You hit the orc priest but do no damage.
Your headbutt misses the orc priest. You hit the orc. You slash the orc!
You kill the orc!
Trog accepts your kill.
You closely miss the orc warrior. The orc barely misses you.
The orc warrior hits you with a +0 flail.
The orc priest invokes the aid of Beogh against you.
Beogh smites you!
* * * LOW HITPOINT WARNING * * *
The air fills with toxic fumes!
As you read the scroll of poison, it crumbles to dust.
The orc hits you with a +0 flail.
* * * LOW HITPOINT WARNING * * *
The orc warrior hits you with a +0 flail!
* * * LOW HITPOINT WARNING * * *
The orc priest hits you but does no damage.
The orc barely misses you. You furiously retaliate!
You headbutt the orc.
You kill the orc!
Trog accepts your kill.
The orc warrior hits you but does no damage.
The orc priest barely misses you.
The orc priest hits you with a +0 hand axe.
* * * LOW HITPOINT WARNING * * *
The orc warrior hits you with a +0 flail.
* * * LOW HITPOINT WARNING * * *
You are too injured to fight recklessly!
The orc priest begins to cast a cantrip, but forgets the words!
The orc warrior hits you with a +0 flail!
You die...

§######### #.#
§§§§§§§§§## ....
§§§§§§§§§§# ..§.
§§§§§§§§§§#.§§§.
§§§§§§§§§§#§§§§.
§§§§§§o@§§§§§§§.
§§§§o§§o§§#####
§§§§§§§)§§############
§§§§§§§§§§§§§........#
§§§§§§§§§§§§§§§.:....#
§########§§§§§§......#
#§§§§§§....†.#
#§§§§§§)..[..#
####§§§......###


You could see an orc warrior and 2 orc priests.

Vanquished Creatures
  Eustachio (D:5)
  A water moccasin (D:5)
  A centaur (D:5)
  A phantom (D:5)
  A scorpion (D:4)
  A howler monkey (D:4)
  2 hounds
  2 orc priests
  6 adders
  5 dart slugs
  10 orcs
  4 ball pythons
  5 endoplasms
  3 giant cockroaches
  9 goblins
  10 hobgoblins
  7 jackals
  2 quokkas (D:3)
  A frilled lizard (D:3)
  2 kobolds
  8 rats (D:1)
82 creatures vanquished.

Vanquished Creatures (others)
  5 toadstools (D:1)
5 creatures vanquished.

Grand Total: 87 creatures vanquished

Notes
Turn   | Place    | Note
-------+----------+-------------------------------------------
     0 | D:1      | venomsnake the Minotaur Berserker began the quest for the
                  | Orb.
     0 | D:1      | Reached XP level 1. HP: 19/19 MP: 0/0
    88 | D:1      | Reached XP level 2. HP: 17/27 MP: 1/1
   844 | D:1      | Reached XP level 3. HP: 33/33 MP: 2/2
  1512 | D:2      | Reached ** piety under Trog
  1882 | D:2      | Found a faded altar of an unknown god.
  2143 | D:3      | Reached XP level 4. HP: 40/40 MP: 3/3
  2601 | D:3      | Found a white marble altar of Elyvilon.
  2832 | D:4      | Reached XP level 5. HP: 44/47 MP: 4/4
  2912 | D:4      | Reached skill level 5 in Fighting
  2912 | D:4      | Reached skill level 5 in Axes
  2969 | D:4      | Reached XP level 6. HP: 14/56 MP: 1/5
  3163 | D:4      | Reached *** piety under Trog
  3635 | D:5      | Entered Level 5 of the Dungeon
  3662 | D:5      | Noticed Eustachio
  3676 | D:5      | Killed Eustachio
  3803 | D:5      | Noticed a water moccasin
  3811 | D:5      | Killed a water moccasin
  3812 | D:5      | Reached skill level 5 in Armour
  3812 | D:5      | Reached XP level 7. HP: 36/62 MP: 4/6
  4057 | D:5      | Reached skill level 5 in Dodging
  4114 | D:5      | Slain by an orc warrior

Illustrated notes

Levels and vault maps discovered:
D:1:      ldierk_walled_garden, layout_loops_ring, minmay_distorted
D:2:      layout_rooms, shapermc_ecumenical_altar_venn
D:3:      layout_rooms, elyvilon_altar_1, serial_curves, eino_curves_02,
          eino_curves_03
D:4:      layout_basic, nicolae_figureground_sparkle
D:5:      layout_basic, mainiacjoe_overflow_surrounded_room, uniq_blork_the_orc,
          uniq_eustachio

Skill      XL: |  1  2  3  4  5  6  7 |
---------------+----------------------+-----
Fighting       | 4 5 6 |  6.2
Axes           | 4 5 6 |  6.1
Armour         | 3 4 5 |  5.4
Dodging        | 3 4 5 |  5.0

Action                   |  1- 3 |  4- 6 |  7- 9 || total
-------------------------+-------+-------+-------++-------
Melee: Hand axe          |    66 |    83 |    16 ||   165
       Headbutt          |     9 |    13 |     5 ||    27
       Punch             |     1 |       |       ||     1
  Use: Scroll            |       |       |     5 ||     5
Armor: Animal skin       |     4 |       |       ||     4
       Chain mail        |     2 |    25 |     8 ||    35
Dodge: Dodged            |    29 |    54 |    12 ||    95
